 Dungeon Crawl Stone Soup version 0.20.0-10-g0535bb4 (webtiles) character file.

217 Raukatau the Conjurer (level 5, -13/38 HPs)
             Began as a Draconian Conjurer on June 7, 2017.
             Mangled by an ogre
             ... wielding a +0 giant club
              (18 damage)
             ... on level 3 of the Dungeon.
             The game lasted 00:20:16 (3940 turns).

Raukatau the Conjurer (Draconian Conjurer)          Turns: 3940, Time: 00:20:17

Health: -13/38     AC:  5    Str: 11    XL:     5   Next: 62%
Magic:  10/10      EV: 12    Int: 16    God:
Gold:   185        SH:  0    Dex: 11    Spells: 7/11 levels left

rFire    . . .     SeeInvis .   i - +2 hunting sling (velocity)
rCold    . . .     Gourm    .   (no shield)
rNeg     . . .     Faith    .   (armour unavailable)
rPois    .         Spirit   .   (helmet restricted)
rElec    .         Reflect  .   (no cloak)
rCorr    .         Harm     .   (no gloves)
MR       .....                  (no boots)
Stlth    ++........             r - amulet of rage
Regen    0.2/turn               (no ring)
MPRegen  0.2/turn               (no ring)

@: no status effects
A: unfitting armour, cold-blooded, AC +5
a: Evoke Berserk Rage


You were on level 3 of the Dungeon.
You were not hungry.

You visited 1 branch of the dungeon, and saw 4 of its levels.

You collected 185 gold pieces.

Inventory:

Hand Weapons
 i - a +2 hunting sling of velocity (weapon)
 m - a +0 short sword
 q - a +7 club
 x - a +0 long sword
Missiles
 c - 80 stones (quivered)
 f - 2 curare-tipped needles
 u - 2 tomahawks
Jewellery
 r - an amulet of rage (around neck)
Wands
 o - a wand of flame (29/48)
Scrolls
 p - a scroll of fear
Potions
 d - 3 potions of curing
 e - 2 potions of flight {unknown}
 g - a potion of haste {unknown}
 h - 2 potions of mutation {unknown}
 j - 2 potions of brilliance {unknown}
 k - a potion of heal wounds {unknown}
Books
 a - a book of Conjurations

   Spells                             Type                      Level
   a - Magic Dart                     Conjuration                  1
   b - Searing Ray                    Conjuration                  2
   c - Dazzling Spray                 Conjuration/Hexes            3
   d - Fulminant Prism                Conjuration/Hexes            4
   e - Force Lance                    Conjuration/Translocation    4
   f - Iskenderun's Mystic Blast      Conjuration                  4
 t - a book of Changes

   Spells                             Type                      Level
   a - Beastly Appendage              Transmutation                1
   b - Sticks to Snakes               Transmutation                2
   c - Spider Form                    Transmutation/Poison         3
   d - Ice Form                       Ice/Transmutation            4
   e - Blade Hands                    Transmutation                5
Comestibles
 b - 3 bread rations
 n - a royal jelly
 s - 3 meat rations
 v - 3 chunks of flesh
 w - a fruit


   Skills:
 - Level 1.7 Dodging
 + Level 3.4 Stealth
 * Level 3.7 Spellcasting
 + Level 5.1 Conjurations


You had 7 spell levels left.
You knew the following spells:

 Your Spells              Type           Power        Failure   Level  Hunger
a - Magic Dart            Conj           ###.         2%          1    None
b - Dazzling Spray        Conj/Hex       ##....       19%         3    ###....


Dungeon Overview and Level Annotations

Branches:
Dungeon (4/15)
 Temple: D:4-7

Altars:

Annotations:
D:4 ldierk's ghost, amateur MiBe


Innate Abilities, Weirdness & Mutations

Your plain brown scales are hard. (AC +5)
You cannot fit into any form of body armour.
You are cold-blooded and may be slowed by cold attacks.


Message History

Confirm with . or Enter, or press ? or * to list all spells.
Aiming: Magic Dart
Press: ? - help, Shift-Dir - straight line, f - ogre
Aim: an ogre, wielding a giant club (lightly wounded)
The magic dart hits the ogre.
The ogre is moderately wounded.
Casting: Magic Dart
Confirm with . or Enter, or press ? or * to list all spells.
Aiming: Magic Dart
Press: ? - help, Shift-Dir - straight line, f/p - ogre
Aim: an ogre, wielding a giant club (moderately wounded)
The magic dart hits the ogre.
The ogre is heavily wounded.
The ogre hits you with a giant club!!
Ouch! That really hurt!
The ogre hits you with a giant club!
* * * LOW HITPOINT WARNING * * *
There is a stone staircase leading up here.
Magic restored.
The ogre hits you with a giant club!!
You die...

#.###...###.....#
####.####
..##............#
#.......#
#.##.#..###.....#
#.......#
#.......###.....#
#.......#
####.#.........##
#.......# #.#.........#
#.......# #.#.........#
#.......#
#.#..)......###
#.......# #
#...........O@#
###.##### #
###.........#.#####.#
######.........#.......#
....##.........#########
###.##.........#
.......#########
.......# .......#
.......#


You could see an ogre.

Vanquished Creatures
  A crimson imp (D:3)
  Jessica (D:2)
  A worker ant (D:4)
  2 adders (D:2)
  2 oozes
  2 worms (D:2)
  2 dart slugs
  4 leopard geckos
  7 orcs
  A giant cockroach (D:1)
  9 goblins
  10 hobgoblins
  11 jackals
  9 kobolds
  A quokka (D:2)
  A ball python (D:3)
  5 bats
  4 frilled lizards
  A jackal skeleton (D:4)
  10 rats
84 creatures vanquished.

Notes
Turn   | Place    | Note
-------+----------+-------------------------------------------
     0 | D:1      | Raukatau the Draconian Conjurer began the quest for the Orb.
     0 | D:1      | Reached XP level 1. HP: 14/14 MP: 3/3
   253 | D:1      | Reached XP level 2. HP: 20/20 MP: 1/5
   923 | D:1      | Reached XP level 3. HP: 26/26 MP: 0/6
  1796 | D:2      | Noticed Jessica
  1799 | D:2      | Killed Jessica
  1799 | D:2      | Reached XP level 4. HP: 33/33 MP: 4/8
  2855 | D:3      | Reached skill level 5 in Conjurations
  2855 | D:3      | Reached XP level 5. HP: 34/38 MP: 2/10
  3447 | D:4      | Learned a level 3 spell: Dazzling Spray
  3620 | D:4      | Noticed ldierk's ghost (amateur MiBe)
  3875 | D:4      | Noticed an ogre
  3940 | D:3      | Mangled by an ogre

Skill      XL: |  1  2  3  4 |
---------------+-------------+-----
Stealth        | 2 3 |  3.4
Spellcasting   | 3 |  3.7
Conjurations   | 5 |  5.1
Dodging        | |  1.7

Action                   |  1- 3 |  4- 6 || total
-------------------------+-------+-------++-------
Melee: Unarmed           |     6 |       ||     6
       Short sword       |     6 |     4 ||    10
       Tailslap          |       |     1 ||     1
 Fire: Hunting sling     |       |    17 ||    17
 Cast: Magic Dart        |    84 |   122 ||   206
  Use: Scroll            |       |     8 ||     8
       Potion            |       |     1 ||     1
  Eat: Chunk             |     4 |     6 ||    10
Armor: Skin              |       |    11 ||    11
Dodge: Dodged            |    15 |    16 ||    31
